cohdb
Replays
Latest Replays
All Replays
Popular Replays
Top Player Replays
Match Explorer
How It Works
Community
CoH3 Stats
Reddit
Sign in to upload your games and track your stats! →
Sign in with Steam
Match 41991299
Unlisted
Match 41991299
Overview
Messages
Build Orders
End
Selects Australian Defense Battlegroup
Selects Australian Defense Battlegroup
Selects Australian Light Infantry Section
Royal Engineer Section
Australian Light Infantry Section
Australian Light Infantry Section
Australian Light Infantry Section
Construct Section Command Post
Selects 2-pounder Anti-tank Gun Team
2-pounder Anti-tank Gun Team
Construct Platoon Command Post
STALKER4732
BlackJackKing
Loona
jhc0928d
midmaster543210
Apox
SAMIE T
nateums
0
0
Comments
sign in to comment!
No comments posted yet!